 Dungeon Crawl Stone Soup version 0.25-a0-577-ga4619f409e (webtiles) character file.

Game seed: 4631918579601778245, levelgen mode: deterministic

63 Flugslaktarn the Skirmisher (level 3, 0/33 HPs)
             Began as a Minotaur Fighter on Mar 2, 2020.
             Succumbed to an orc wizard's poison
             ... on level 5 of the Dungeon.
             The game lasted 00:00:20 (397 turns).

Flugslaktarn the Skirmisher (Minotaur Fighter)       Turns: 397, Time: 00:00:21

Health: 0/33       AC:  7    Str: 21    XL:     3   Next: 87%
Magic:  2/2        EV:  5    Int:  5    God:
Gold:   6          SH: 14    Dex:  9    Spells: 2/2 levels left

rFire    . . .     SeeInvis .   a - +0 war axe
rCold    . . .     Gourm    .   f - +0 tower shield
rNeg     . . .     Faith    .   b - +0 scale mail
rPois    .         Spirit   .   (helmet restricted)
rElec    .         Reflect  .   (no cloak)
rCorr    .         Harm     .   (no gloves)
MR       .....                  (no boots)
Stlth    ..........             (no amulet)
HPRegen  0.11/turn              (no ring)
MPRegen  0.08/turn              (no ring)

@: lethally poisoned (0 -> -21), lightly drained
A: retaliatory headbutt, horns 2
a: no special abilities


You were on level 5 of the Dungeon.
You were not hungry.

You visited 1 branch of the dungeon, and saw 4 of its levels.

You collected 6 gold pieces.

Inventory:

Hand Weapons
 a - a +0 war axe (weapon)
Armour
 b - a +0 scale mail (worn)
 c - a +0 kite shield
 f - a +0 tower shield (worn)
   (You found it on level 1 of the Dungeon)
Jewellery
 i - an uncursed ring of stealth {unknown}
   (You found it on level 3 of the Dungeon)
Scrolls
 h - a scroll of fear {unknown}
 j - a scroll of immolation {unknown}
Potions
 d - a potion of might
Comestibles
 e - a ration


   Skills:
 + Level 4.1(3.9) Fighting
 * Level 3.7(3.5) Axes
 + Level 4.1(3.9) Armour
 + Level 4.1(3.9) Shields


You had 2 spell levels left.
You didn't know any spells.
Your spell library was empty.

Dungeon Overview and Level Annotations

Branches:
Dungeon (3/15)

Altars:
Dithmenos

Annotations:
D:3 3 runed translucent doors


Innate Abilities, Weirdness & Mutations

You reflexively headbutt those who attack you in melee.
You have a pair of horns on your head.


Message History

You are too injured to fight recklessly!
You are too injured to fight recklessly!
You are too injured to fight recklessly!
You are too injured to fight recklessly!
You are too injured to fight recklessly!
You are too injured to fight recklessly!
You are too injured to fight recklessly!
You are too injured to fight recklessly!
The orc wizard gestures at you while chanting.
The magic dart hits you.
* * * LOW HITPOINT WARNING * * *
The orc wizard hits you with a +2 dagger of venom.
* * * LOW HITPOINT WARNING * * *
The crimson imp blinks!
You block the orc priest's attack.
The orc wizard hits you with a +2 dagger of venom.
* * * LOW HITPOINT WARNING * * *
You are more poisoned.
Things that are here:
a +0 dagger; a +0 robe; an orc corpse You die...

#. #.# #. #.# #. #.# #.
#.# #. #.# ##.##
#.##### #..o####.#...#
#o)@.......#
#ooo######...###
.....ยง####........#
................##.#
...#######.#.##.##.####
.. .. ##.......... . ##
#..####.###. #.#. # # #


You could see an orc priest, 2 orc wizards and 2 orcs.

Vanquished Creatures
  An orc wizard (D:5)
  An adder (D:3)
  A shadow imp (D:5)
  An ooze (D:3)
  2 dart slugs (D:2)
  2 orcs (D:5)
  A goblin (D:3)
  A hobgoblin (D:3)
  2 frilled lizards
  A kobold (D:1)
  2 rats
15 creatures vanquished.

Notes
Turn   | Place    | Note
-------+----------+-------------------------------------------
     0 | D:1      | Flugslaktarn the Minotaur Fighter began the quest for the
                  | Orb.
     0 | D:1      | Reached XP level 1. HP: 19/19 MP: 0/0
    75 | D:2      | Found a shadowy altar of Dithmenos.
    86 | D:3      | Found a runed translucent gate.
    89 | D:3      | Reached XP level 2. HP: 26/27 MP: 1/1
    95 | D:3      | Found a runed translucent gate.
    95 | D:3      | Found a runed translucent gate.
   151 | D:3      | You fall into a shaft and drop 2 floors!
   151 | D:5      | Entered Level 5 of the Dungeon
   224 | D:5      | Reached XP level 3. HP: 15/33 MP: 2/2
   396 | D:5      | HP: 1/33 [orc wizard/+2 dagger of venom (3)]
   397 | D:5      | Succumbed to an orc wizard's poison

Levels and vault maps discovered:
D:1:      dpeg_arrival_pits, layout_rooms
D:2:      layout_loops_ring, nicolae_dithmenos_through_a_glass_darkly
D:3:      kennysheep_six_static_rooms, layout_basic, old_standard_altar,
          gammafunk_ghost_split, uniq_grinder
D:5:      minmay_chambers_of_threes, layout_loops_ring, first_ration

Skill      XL: |  1  2 |
---------------+-------+-----
Axes           | 3 |  3.7
Fighting       | 4 |  4.1
Armour         | 4 |  4.1
Shields        | 4 |  4.1

Action                   || total
-------------------------++-------
Melee: War axe           ||    47
       Headbutt          ||     4
Armor: Scale mail        ||    17
Dodge: Dodged            ||     9
Block: Kite shield       ||     6
       Tower shield      ||    32

Table legend:
 A = Non-vault XP
 B = Vault XP
 C = Vault XP percentage of total XP
 D = Non-vault monster count
 E = Vault monster count
 F = Vault count percentage of total count
                 A         B        C        D         E       F
            +---------+---------+-------+---------+---------+-------
      Total |      86 |       4 |   4.4 |      13 |       2 |  13.3
            +---------+---------+-------+---------+---------+-------
        D:1 |       2 |       0 |   0.0 |       2 |       0 |   0.0
        D:2 |       9 |       0 |   0.0 |       3 |       0 |   0.0
        D:3 |      22 |       4 |  15.4 |       3 |       2 |  40.0
        D:5 |      53 |       0 |   0.0 |       5 |       0 |   0.0
            +---------+---------+-------+---------+---------+-------
